 Dungeon Crawl Stone Soup version 0.31-a0-1074-g0b22e4e0f1 (webtiles) character file.

Game seed: 362428152919719270

606 croobank the Changeling (level 7, -4/46 HPs)
             Began as an Octopode Shapeshifter on Dec 7, 2023.
             Frozen to death by an endoplasm (5 damage)
             ... on level 4 of the Dungeon.
             The game lasted 00:08:41 (3053 turns).

croobank the Changeling (Octopode Shapeshifter)     Turns: 3053, Time: 00:08:42

Health: -4/46      AC:  1    Str: 14    XL:     7   Next: 42%
Magic:  7/7        EV: 14    Int: 14    God:
Gold:   141        SH:  0    Dex: 11    Spells: 6/6 levels left

rFire   . .          .
                       - Unarmed
rCold   . . .        (no shield)
rNeg    . . .        (helmet currently unavailable)
rPois   .            (no amulet)
rElec   .            (no ring)
rCorr   .            (no ring)
SInv    .            (no ring)
Will    +....        (no ring)
Stlth   ++           (no ring)
HPRegen 0.27/turn    (no ring)
MPRegen 0.10/turn    (no ring)
                     (no ring)

%: no passive effects
@: lethally poisoned (-4 -> -6), beast-form, enlightened, flying, slowed, very
slow
A: beast (slay +3), almost no armour, amphibious, 8 rings, camouflage 1,
gelatinous body 1, (nimble swimmer 1), tentacles
a: Begin Untransformation


You were on level 4 of the Dungeon.
You were a hulking beast.
You visited 1 branch of the dungeon, and saw 4 of its levels.

You collected 141 gold pieces.

Inventory:

Hand Weapons
 d - a +0 trident
 e - a +0 short sword
 f - a +2 flail of protection
 h - a +0 dagger
 n - a +0 flail
 p - a +0 long sword
Missiles
 o - 18 poisoned darts (quivered)
Jewellery
 q - a ring of see invisible
Talismans
 b - a beast talisman (active)
 c - a flux talisman
 l - a dragon-blood talisman
Scrolls
 g - a scroll of vulnerability {unknown}
 i - a scroll of enchant armour
 j - a scroll of identify
 k - a scroll of enchant weapon {unknown}
 r - a scroll of teleportation
Potions
 a - a potion of lignification


   Skills:
 + Level 3.4 Fighting
 + Level 3.9 Dodging
 + Level 4.5 Unarmed Combat
 * Level 5.4 Shapeshifting


You had 6 spell levels left.
You didn't know any spells.
Your spell library was empty.

Dungeon Overview and Level Annotations

Branches:
Dungeon (4/15)
 Temple: D:4-7

Altars:
Xom

Shops:
D:4 ?


Innate Abilities, Weirdness & Mutations

You are a hulking beast.
Your limbs bulge with bestial killing power. (Slay +3)
You cannot wear most types of armour.
You are amphibious.
You can wear up to eight rings at the same time.
Your skin changes colour to match your surroundings (Stealth+).
Your rubbery body absorbs attacks. (AC +1, EV +1)
((You are camouflaged when in or above water. (Stealth+)))
You have tentacles for arms and can constrict up to eight enemies at once.


Message History

You tentacle-slap the orc.
You kill the orc!
You tentacle-slap the orc. Your grab misses the orc.
Your squeeze misses the orc.
The orc is heavily wounded.
The orc hits you with a +0 short sword.
You tentacle-slap the orc. Your grab misses the orc.
The orc is severely wounded.
The orc hits you with a +0 short sword.
You tentacle-slap the orc.
You kill the orc!
The kobold brigand throws a curare-tipped dart.
The curare-tipped dart hits you.
You are poisoned.
You have difficulty breathing.
You feel yourself slow down.
You feel sick. The endoplasm freezes you.
You are frozen.
The kobold brigand hits you with a +0 short sword.
The endoplasm freezes you.
You are frozen.
The kobold brigand hits you with a +0 short sword.
You closely miss the kobold brigand. Your grab misses the kobold brigand.
You feel sick. The endoplasm freezes you.
You are frozen.
* * * LOW HITPOINT WARNING * * *
The kobold brigand hits you with a +0 short sword!
* * * LOW HITPOINT WARNING * * *
Okay, then.
It was a potion of enlightenment.
You feel very buoyant.
You fly up into the air.
You feel sick. The endoplasm freezes you.
You are frozen.
* * * LOW HITPOINT WARNING * * *
The kobold brigand misses you. The endoplasm freezes you.
You are frozen.
You die...

#.# #.# #.# #.# #.#
####.###### #..)......#
## #.....#...### .# #
#......#..h.# .# #.#
######.#######K#J##.#...#
#....)......#.....#...#
#.####.....#.......).#
#................#
#....................
#........#.....#.#...
##.......##......# ?.
##...<#.###.#.### .


You could see a kobold brigand and an endoplasm.

Vanquished Creatures
  Sigmund (D:2)
  Edmund (D:4)
  An ogre (D:4)
  A scorpion (D:3)
  An iguana (D:4)
  3 gnolls (D:4)
  5 adders
  A worm (D:2)
  2 dart slugs (D:1)
  8 orcs
  6 endoplasms
  2 giant cockroaches
  10 goblins
  4 hobgoblins
  3 jackals (D:4)
  6 kobolds
  3 quokkas
  4 ball pythons
  6 bats
  4 frilled lizards
  6 rats
78 creatures vanquished.

Notes
Turn   | Place    | Note
-------+----------+-------------------------------------------
     0 | D:1      | croobank the Octopode Shapeshifter began the quest for the
                  | Orb.
     0 | D:1      | Reached XP level 1. HP: 13/13 MP: 1/1
   102 | D:1      | Reached XP level 2. HP: 11/18 MP: 2/2
   518 | D:1      | Reached XP level 3. HP: 23/23 MP: 3/3
  1137 | D:2      | Noticed Sigmund
  1140 | D:2      | Found a shimmering altar of Xom.
  1152 | D:2      | Killed Sigmund
  1153 | D:2      | Reached skill level 4 in Shapeshifting
  1153 | D:2      | Reached XP level 4. HP: 20/30 MP: 4/4
  1153 | D:2      | Reached XP level 5. HP: 23/35 MP: 5/5
  1488 | D:3      | Reached XP level 6. HP: 41/41 MP: 6/6
  1696 | D:3      | Found a faded altar of an unknown god.
  2194 | D:4      | Noticed Edmund
  2490 | D:4      | Found Maustoro's Magic Scroll Emporium.
  2566 | D:4      | Reached skill level 5 in Shapeshifting
  2566 | D:4      | Reached XP level 7. HP: 14/46 MP: 7/7
  2970 | D:4      | Killed Edmund
  3053 | D:4      | HP: 1/46 [frozen (3)]
  3053 | D:4      | Frozen to death by an endoplasm

Illustrated notes

Levels and vault maps discovered:
D:1:      amcnicky_arrival_feature_with_door, layout_loops_ring,
          hangedman_decor_push
D:2:      layout_rooms, basic_altar, mrwooster_statue_mirror, uniq_sigmund
D:3:      layout_loops_cross, dreamdust_ecumenical_altar_statues,
          grunt_ministairs_2
D:4:      layout_loops_ring, serial_shops, nicolae_shop_advertising_works
          [nicolae_subvault_shop_adworks], uniq_edmund

Skill      XL: |  1  2  3  4  5  6 |
---------------+-------------------+-----
Fighting       | 2 3 |  3.4
Dodging        | 3 |  3.9
Shapeshifting  | 4 5 |  5.4
Unarmed Combat | 4 |  4.5

Action                     |  1- 3 |  4- 6 |  7- 9 || total
---------------------------+-------+-------+-------++-------
  Melee: Unarmed           |    57 |    68 |    20 ||   145
         Constrict         |    11 |    18 |     2 ||    31
         Tentacles         |     9 |    19 |     2 ||    30
         Punch             |     1 |     4 |       ||     5
  Throw: Throwing net      |     1 |       |     1 ||     2
         Dart              |       |       |     3 ||     3
    Use: Scroll            |     2 |     9 |       ||    11
         Potion            |       |     4 |     1 ||     5
   Stab: Sleeping          |     6 |     2 |       ||     8
         Held in net/web   |     2 |       |     2 ||     4
         Distracted        |     1 |       |       ||     1
 Armour: Skin              |    14 |    36 |    10 ||    60
  Dodge: Dodged            |    21 |    35 |    13 ||    69
   Form: Beast             |     2 |       |       ||     2
         Dragon            |     1 |       |       ||     1
         Flux              |     1 |       |       ||     1

Table legend: (Time is in decaauts)
 A = Elapsed time spent in this place.
 B = Non-inter-level travel time spent in this place.
 C = Inter-level travel time spent in this place.
 D = Time resting spent in this place.
 E = Time spent auto-exploring this place.
 F = Levels seen in this place.
 G = Mean time per level.
                   A        B        C        D        E       F      G
               +--------+--------+--------+--------+--------+-----+--------+
         Total |   3041 |   2930 |    111 |    784 |   1500 |   4 |  760.2 |
       Dungeon |   3041 |   2930 |    111 |    784 |   1500 |   4 |  760.2 |
               +--------+--------+--------+--------+--------+-----+--------+

Top non-repeatable levels by time:
     D:4: 832 daAuts
     D:3: 788 daAuts
     D:1: 728 daAuts
     D:2: 692 daAuts
